 Dungeon Crawl Stone Soup version 0.29.0-5-ge4962eb29e (webtiles) character file.

Game seed: 2754449221322373694

44 Armakuni the Sneak (level 4, 0/38 HPs)
             Began as a Meteoran Delver on Aug 28, 2022.
             Succumbed to an orc's poison
             ... on level 3 of the Dungeon.
             The game lasted 00:02:56 (354 turns).

Armakuni the Sneak (Meteoran Delver)                 Turns: 354, Time: 00:02:57

Health: 0/38       AC: 17    Str: 16    XL:     4   Next: 10%
Magic:  5/5        EV: 10    Int: 18    God:
Gold:   157        SH:  0    Dex: 15    Spells: 3/3 levels left

rFire   x . .      SeeInvis +   a - +0 mace
rCold   + . .      Faith    .   (no shield)
rNeg    . . .      Spirit   .   h - +7 scale mail "Onoir" {rF- Int+7 SInv}
rPois   .          Reflect  .   (no helmet)
rElec   .          Harm     .   (no cloak)
rCorr   .          Rampage  .   (no gloves)
Will    .....                   (no boots)
Stlth   +.........              (no amulet)
HPRegen 0.12/turn               J - ring of protection from cold
MPRegen 0.09/turn               A - +4 ring of protection

@: lethally poisoned (0 -> -8), hasted, glowing, very quick
A: sense surroundings 1, otherworldly, glowing, explore regen
a: no special abilities


You were on level 3 of the Dungeon.
You visited 1 branch of the dungeon, and saw 3 of its levels.

You collected 157 gold pieces.

Inventory:

Hand Weapons
 a - a +0 mace (weapon)
Armour
 b - a +0 leather armour
 h - the +7 scale mail "Onoir" (worn) {rF- Int+7 SInv}
   (You found it on level 5 of the Dungeon)

   Int:       It affects your intelligence (+7).
   rF:        It makes you vulnerable to fire.
   SInv:      It lets you see invisible.
Jewellery
 k - an amulet of the acrobat
 A - a +4 ring of protection (right hand)
 J - a ring of protection from cold (left hand)
Wands
 g - a wand of digging (3)
 j - a wand of iceblast (14)
Scrolls
 c - a scroll of fog
 d - a scroll of magic mapping
 l - a scroll of teleportation {unknown}


   Skills:
 - Level 3.2 Fighting
 - Level 2.6(3.2) Maces & Flails
 - Level 2.3(2.9) Staves
 - Level 3.5 Dodging
 - Level 3.7 Stealth
 + Level 1.1 Evocations


You had 3 spell levels left.
You didn't know any spells.
Your spell library was empty.

Dungeon Overview and Level Annotations

Branches:
Dungeon (5/15) Zot: 1436
 Temple: D:4-7

Altars:


Innate Abilities, Weirdness & Mutations

You passively map a small area around you.
You are easily found by Zot.
You glow in the dark.
You regain HP and MP as you explore.


Message History

You feel very sick. The orc hits you but does no damage.
You are more poisoned.
You hit the orc.
The orc is heavily wounded.
You feel very sick. The orc hits you but does no damage.
Okay, then.
You hit the orc.
The orc is severely wounded.
You feel very sick.
The orc hits you with a +0 dagger of venom.
You are lethally poisoned!
You feel yourself speed up.
You feel very sick. The orc closely misses you.
You feel very sick.
* * * LOW HITPOINT WARNING * * *
You feel very sick.
* * * LOW HITPOINT WARNING * * *
You feel very sick.
You aren't carrying any potions.
As you read the scroll of fear, it crumbles to dust.
You assume a fearsome visage.
The orc looks frightened!
* * * LOW HITPOINT WARNING * * *
You feel sick.
As you read the scroll labelled IKE YTI QOEL, it crumbles to dust.
The creatures around you are filled with an inner flame!
It was a scroll of immolation.
* * * LOW HITPOINT WARNING * * *
You feel sick.
You aren't carrying any potions.
Sorry, you're not good enough to have a special ability.
Unknown command.
Unknown command.
Okay, then.
Unknown command.
* * * LOW HITPOINT WARNING * * *
You feel sick.
You die...

, #..............
#...#.......... ,,####
#>....#######.. . #...*
#.#......# ##. ..,#...
#.#.####.# #[
...#...####.......... ..
, ..........#...........
.. ......o.......##.....
.. ,
....(...@.#....##....
,..<....####.#.........,,
...#... #..........#*#. *
., #...* ####.#####.# #.
, #.##* #.#####)#### ,
#.* #>...##.#... , .
#.##.##.#.## * * .#
#.##.##.#.#. , *
#.......#.#.


You could see an orc (inner flame, fleeing).

Vanquished Creatures
  A hound (D:5)
  A dart slug (D:3)
  2 ball pythons (D:3)
  A bat (D:3)
  An endoplasm (D:4)
  A giant cockroach (D:4)
  A hobgoblin (D:3)
  2 jackals (D:4)
  A frilled lizard (D:3)
  A goblin (D:4)
12 creatures vanquished.

Vanquished Creatures (others)
  2 fungi (D:3)
2 creatures vanquished.

Grand Total: 14 creatures vanquished

Notes
Turn   | Place    | Note
-------+----------+-------------------------------------------
     0 | D:5      | Armakuni the Meteoran Delver began the quest for the Orb.
     0 | D:5      | Reached XP level 1. HP: 19/19 MP: 2/2
    28 | D:5      | Identified the +7 scale mail "Onoir" {rF- Int+7 SInv}
   147 | D:4      | Noticed a hound
   157 | D:5      | Killed a hound
   158 | D:5      | Reached XP level 2. HP: 24/26 MP: 3/3
   158 | D:5      | Reached XP level 3. HP: 28/31 MP: 4/4
   259 | D:3      | Reached XP level 4. HP: 35/38 MP: 5/5
   340 | D:3      | Reached skill level 1 in Evocations
   353 | D:3      | HP: 1/38 [poisoned by an orc]
   354 | D:3      | Succumbed to an orc's poison

Illustrated notes

Levels and vault maps discovered:
D:3:      layout_loops_cross, nicolae_sif_muna_condensation,
          basic_ecumenical_altar, minmay_gold_behind_fungi, uniq_robin
D:4:      layout_cave_pools, serial_shops, nicolae_shop_stone,
          hangedman_abyss_or_decor_slice
D:5:      kennysheep_spiral_hall, layout_layer_cave, minmay_temple_entry_grid

Skill      XL: |  1  2  3  4 |
---------------+-------------+-----
Staves         | 2 |  2.3
Dodging        | 3 |  3.5
Evocations     | 1 |  1.1
Fighting       | |  3.2
Maces & Flails | |  2.6
Stealth        | |  3.7

Action                   |  1- 3 |  4- 6 || total
-------------------------+-------+-------++-------
Melee: Mace              |    29 |    19 ||    48
  Use: Scroll            |       |     2 ||     2
       Potion            |       |     1 ||     1
Armor: Scale mail        |    25 |    12 ||    37
Dodge: Dodged            |    16 |    10 ||    26
